 Seeded DCSS version 0.30-a0-509-gd016549fea (webtiles) character file.

Game seed: 14848181843895897639 (custom seed)

20606 flotson the Fighter (level 12, -3/85 HPs)
             Began as a Demonspawn Delver on Dec 23, 2022.
             Was a High Priest of Hepliaklqana.
             Slain by a cane toad (21 damage)
             ... on level 1 of the Lair of Beasts.
             The game lasted 00:24:29 (11416 turns).

flotson the Fighter (Demonspawn Delver)            Turns: 11416, Time: 00:24:30

Health: -3/85      AC: 10    Str: 16    XL:     12   Next: 46%
Magic:  18/18      EV: 17    Int: 13    God:    Hepliaklqana [*****.]
Gold:   598        SH:  6    Dex: 22    Spells: 11/11 levels left

rFire   . . .      SeeInvis .    b - +11 dagger "Kewnyl" {vamp, Dex+3}
rCold   . . .      Faith    .    Y - +2 buckler
rNeg    . . .      Spirit   .    A - +0 troll leather armour
rPois   +          Reflect  .    (helmet unavailable)
rElec   .          Harm     .    (no cloak)
rCorr   .          Rampage  .    S - +2 pair of gloves {hurl}
Will    +....                    L - +0 pair of boots
Stlth   +++++.....               v - amulet of regeneration
HPRegen 1.94/turn                J - ring of willpower
MPRegen 0.16/turn                Q - ring of poison resistance

@: frozen, very slow
A: reduced essence, horns 3, thin skeletal structure 2, powered by death 1,
demonic magic 1
a: Renounce Religion, Recall Ancestor, Ancestor Identity, Transference, Idealise


You were on level 1 of the Lair of Beasts.
You worshipped Hepliaklqana.
Hepliaklqana was extremely pleased with you.
You visited 3 branches of the dungeon, and saw 14 of its levels.

You collected 858 gold pieces.
You spent 260 gold pieces at shops.

Inventory:

Hand Weapons
 a - a +0 demon whip of venom
 b - the +11 dagger "Kewnyl" (weapon) {vamp, Dex+3}
   (You found it on level 8 of the Dungeon)

   It occasionally heals its wielder for a portion of the damage dealt when it
   wounds a living foe.
   Dex:       It affects your dexterity (+3).
Missiles
 f - a silver boomerang
 k - 10 boomerangs (quivered)
 n - 42 poisoned darts
 F - 5 throwing nets
 H - 6 atropa-tipped darts
 W - 7 curare-tipped darts
Armour
 A - a +0 troll leather armour (worn)
 L - a +0 pair of boots (worn)
 S - a +2 pair of gloves of hurling (worn)
 Y - a +2 buckler (worn)
Jewellery
 l - a ring of ice
 v - an amulet of regeneration (around neck)
 J - a ring of willpower (left hand)
 M - a ring of positive energy
 Q - a ring of poison resistance (right hand)
Wands
 g - a wand of digging (8)
 G - a wand of quicksilver (8)
 K - a wand of iceblast (28)
 T - a wand of charming (4)
 X - a wand of polymorph (4)
Scrolls
 c - 3 scrolls of fog
 d - 3 scrolls of magic mapping
 h - 3 scrolls of noise {unknown}
 m - 5 scrolls of teleportation
 p - a scroll of blinking {unknown}
 s - 2 scrolls of enchant weapon {unknown}
 w - 6 scrolls of amnesia {unknown}
 x - a scroll of enchant armour {unknown}
 y - 3 scrolls of poison {unknown}
 z - 2 scrolls of silence {unknown}
 E - 3 scrolls of vulnerability {unknown}
 O - 6 scrolls of identify
 P - 2 scrolls of fear
 R - a scroll of immolation {unknown}
Potions
 i - 6 potions of curing
 j - 3 potions of heal wounds {unknown}
 o - 2 potions of might {unknown}
 q - 3 potions of haste
 r - 2 potions of attraction {unknown}
 t - a potion of invisibility {unknown}
 u - 3 potions of mutation {unknown}
 B - 2 potions of berserk rage
 C - 3 potions of degeneration {unknown}
 D - a potion of resistance {unknown}
 I - 2 potions of cancellation {unknown}
 N - 2 potions of brilliance {unknown}
 U - 4 potions of flight {unknown}
 V - a potion of lignification {unknown}
Miscellaneous
 e - a piece from Xom's chessboard (15/15)


   Skills:
 + Level 9.3 Fighting
 - Level 5.1 Axes
 + Level 7.7 Throwing
 + Level 7.9 Armour
 + Level 8.2 Dodging
 - Level 5.0 Stealth
 - Level 8.0 Invocations
 + Level 8.7 Evocations


You had 11 spell levels left.
You didn't know any spells.
Your spell library contained the following spells:

 Spells                   Type           Power      Damage    Failure   Level
 Magic Dart               Conj           0%         1d3       45%         1
 Blink                    Tloc           0%         N/A       58%         2
 Call Imp                 Summ           0%         N/A       58%         2
 Cigotuvi's Dreadful Rot  Necr/Pois/Air  0%         N/A       58%         2
 Momentum Strike          Conj/Tloc      0%         3d8       58%         2
 Poisonous Vapours        Pois/Air       0%         N/A       58%         2
 Call Canine Familiar     Summ           0%         N/A       83%         3
 Dazzling Flash           Conj/Hex       0%         N/A       83%         3
 Hailstorm                Conj/Ice       0%         3d3       83%         3
 Lesser Beckoning         Tloc           0%         N/A       83%         3
 Mephitic Cloud           Conj/Pois/Air  0%         N/A       83%         3
 Portal Projectile        Hex/Tloc       0%         N/A       83%         3
 Cause Fear               Hex            0%         N/A       99%         4
 Ice Form                 Ice/Tmut       0%         N/A       99%         4
 Leda's Liquefaction      Hex/Erth       0%         N/A       99%         4
 Olgreb's Toxic Radiance  Pois           0%         N/A       99%         4
 Agony                    Necr           0%         N/A       100%        5
 Silence                  Hex/Air        0%         N/A       100%        5
 Simulacrum               Ice/Necr       0%         N/A       100%        6
 Dragon Form              Tmut           0%         N/A       100%        7
 Ozocubu's Refrigeration  Ice            0%         4d7       100%        7
 Ignition                 Fire           0%         3d3       100%        8
 Dragon's Call            Summ           0%         N/A       100%        9


Dungeon Overview and Level Annotations

Branches:
Dungeon (11/15)            Temple (1/1) D:4            Lair (2/5) D:11
    Orc (0/2) D:10
  Swamp: Lair:2-3    Shoals: Lair:2-3     Snake: Lair:2-3    Spider: Lair:2-3

Altars:
Ashenzari
Cheibriados
Dithmenos
Fedhas
Gozag
Hepliaklqana
Kikubaaqudgha
Makhleb
Nemelex Xobeh
Okawaru
Qazlal
Ru
Sif Muna
Trog
Uskayaw
Vehumet
Wu Jian
Xom
Yredelemnul

Shops:
D:2 =


Innate Abilities, Weirdness & Mutations

Your life essence is reduced to manifest your ancestor. (-10% HP)
You have a pair of large horns on your head.
You have a moderately thin skeletal structure. (Dex +4, Stealth++)
You regenerate a little health from kills.
Spells you cast may paralyse adjacent enemies.


Message History

A cane toad comes into view.
The cane toad croaks.
The rime drake hisses angrily.
The rime drake breathes ice at you. The icy flash freeze hits you!
You are encased in ice.
You hit the cane toad but do no damage. Your headbutt misses the cane toad.
You block the cane toad's attack.
Preben points at the rime drake and mumbles some strange words.
The stone arrow hits the rime drake!!
You miss the rime drake.
The rime drake is heavily wounded.
The ice encasing you melts away. You block the cane toad's attack.
The rime drake barely misses you.
Preben hits the plant with a +0 quarterstaff!!
The plant begins to die.
You closely miss the rime drake. You headbutt the rime drake!
The rime drake is almost dead.
The cane toad stings you!! The rime drake breathes ice at you.
The icy flash freeze hits you!!
You are encased in ice.
Preben hits the plant with a +0 quarterstaff!
The cane toad barely misses you.
You are too injured to fight recklessly!
You are too injured to fight recklessly!
You are too injured to fight recklessly!
You are too injured to fight recklessly!
You are too injured to fight recklessly!
You are too injured to fight recklessly!
You are too injured to fight recklessly!
You are too injured to fight recklessly!
You are too injured to fight recklessly!
You are too injured to fight recklessly!
Unknown command.
You puncture the rime drake!
You feel better.
You kill the rime drake!
The cane toad stings you!
* * * LOW HITPOINT WARNING * * *
The cane toad attacks as you move away! The cane toad stings you!!
You die...

## ###
#.###.#############P####
........................
.......................>
#.....#####..#R...#..###
#......####.##...P#..###
#.....FPR...##...##.....
#......@....P#....#.....
#.....##............(...
#.... #######...##.....
#... #######....#######
... ...........####.##
.. .)................ .
......รท...........
..................
..................


You could see the friendly Preben the battlemage and a cane toad (ally target).

Vanquished Creatures
  A centaur warrior (D:8)
  A two-headed ogre (D:11)
  Amaemon (D:11)
  A cyclops (D:11)
  A black mamba (Lair:1)
  An orange demon (D:11)
  2 cane toads
  A kobold demonologist (D:9)
  A rime drake (Lair:1)
  2 trolls (D:10)
  Grinder (D:4)
  3 blink frogs (Lair:1)
  3 yaks (D:10)
  2 wraiths
  A steam dragon (D:6)
  2 vampire mosquitoes
  Edmund (D:4)
  An acid dragon (D:9)
  3 water moccasins
  An orc warrior (D:9)
  A sky beast (D:7)
  An ice beast (D:4)
  4 ogres (D:10)
  2 centaurs
  3 wolves (D:11)
  3 kobold brigands (D:10)
  3 bullfrogs
  5 wights (D:10)
  2 killer bees
  A howler monkey (D:7)
  2 electric eels (D:11)
  4 orc priests
  6 hounds
  A gnoll bouda (D:7)
  Natasha (thrice) (D:2)
  Terence (D:2)
  3 iguanas
  3 orc wizards (D:9)
  11 gnolls
  5 adders
  A white imp (D:5)
  An ufetubus (D:7)
  5 dart slugs
  25 orcs
  13 ball pythons
  4 endoplasms
  8 giant cockroaches
  5 goblins
  7 hobgoblins
  7 jackals
  8 kobolds
  2 quokkas (D:1)
  8 bats
  3 frilled lizards
  3 rats
  A bush (D:2)
195 creatures vanquished.

Vanquished Creatures (collateral kills)
  Josephine (D:10)
  2 two-headed ogres
  Lodul (D:10)
  A cyclops (D:11)
  An ugly thing (D:11)
  A black mamba (Lair:1)
  A cane toad (Lair:2)
  An unseen horror (D:10)
  2 komodo dragons (Lair:1)
  2 trolls
  A hornet (D:8)
  A blink frog (Lair:1)
  A water elemental (D:11)
  A shadow (D:11)
  5 wraiths
  6 yaks
  A steam dragon (D:7)
  7 vampire mosquitoes
  A water moccasin (Lair:1)
  4 orc warriors
  An ice beast (D:7)
  A sky beast (D:8)
  A black bear (D:8)
  6 ogres
  2 wolves (D:11)
  2 kobold brigands (D:10)
  A scorpion (D:7)
  3 bullfrogs
  3 gnoll sergeants (D:10)
  4 wights (D:7)
  9 killer bees
  3 howler monkeys
  A hound (D:11)
  7 orc priests
  An iguana (D:5)
  5 orc wizards
  A gnoll (D:10)
  A white imp (D:6)
  13 orcs
106 creatures vanquished.

Vanquished Creatures (others)
  2 ancestors (D:6)
  10 battlemagi
  A quokka (D:4)
  18 plants
  9 withered plants (D:3)
40 creatures vanquished.

Grand Total: 341 creatures vanquished

Notes
Turn   | Place    | Note
-------+----------+-------------------------------------------
     0 | D:5      | flotson the Demonspawn Delver began the quest for the Orb.
     0 | D:5      | Reached XP level 1. HP: 18/18 MP: 1/1
    92 | D:5      | Noticed a hound
   126 | D:5      | Killed a hound
   127 | D:5      | Gained mutation: You have a pair of small horns on your
                  | head. [demonic ancestry]
   127 | D:5      | Reached XP level 2. HP: 7/24 MP: 2/2
   127 | D:5      | Gained mutation: You have a somewhat thin skeletal
                  | structure. (Dex +2, Stealth+) [demonic ancestry]
   127 | D:5      | Reached XP level 3. HP: 8/29 MP: 3/3
   301 | D:3      | Reached skill level 1 in Evocations
   525 | D:1      | Reached skill level 1 in Armour
  1059 | D:1      | Gained mutation: You regenerate a little health from kills.
                  | [demonic ancestry]
  1059 | D:1      | Reached XP level 4. HP: 35/35 MP: 4/4
  1396 | D:2      | Noticed Terence
  1406 | D:2      | Killed Terence
  1505 | D:2      | Noticed Natasha
  1513 | D:2      | Killed Natasha
  1596 | D:2      | Gained mutation: You have a moderately thin skeletal
                  | structure. (Dex +4, Stealth++) [demonic ancestry]
  1596 | D:2      | Reached XP level 5. HP: 30/41 MP: 5/5
  1786 | D:2      | Noticed Natasha
  1796 | D:2      | Killed Natasha
  1797 | D:2      | Reached skill level 1 in Throwing
  2051 | D:2      | Reached skill level 5 in Stealth
  2378 | D:2      | Reached XP level 6. HP: 48/48 MP: 6/6
  2494 | D:2      | Found Zofucsehe's Jewellery Shop.
  2802 | D:3      | Found an ancient bone altar of Kikubaaqudgha.
  2831 | D:2      | Noticed Natasha
  2832 | D:2      | Killed Natasha
  3453 | D:2      | Found Zofucsehe's Jewellery Shop.
  4077 | D:4      | Found a staircase to the Ecumenical Temple.
  4089 | Temple   | Entered the Ecumenical Temple
  4129 | Temple   | Became a worshipper of Hepliaklqana the Forgotten
  4186 | D:4      | Noticed Edmund
  4207 | D:4      | Killed Edmund
  4208 | D:4      | Reached skill level 4 in Fighting
  4208 | D:4      | Reached skill level 1 in Invocations
  4517 | D:4      | Noticed Grinder
  4527 | D:4      | Noticed an ice beast
  4533 | D:4      | Paralysed by Grinder for 2 turns
  4539 | D:4      | Killed Grinder
  4540 | D:4      | Gained mutation: You have a pair of horns on your head.
                  | [demonic ancestry]
  4540 | D:4      | Reached XP level 7. HP: 22/54 MP: 6/8
  4766 | D:5      | Found a sacrificial altar of Ru.
  4766 | D:5      | Reached * piety under Hepliaklqana
  5623 | D:6      | Reached XP level 8. HP: 54/54 MP: 10/10
  5986 | D:7      | Reached ** piety under Hepliaklqana
  5987 | D:7      | Remembered your ancestor Preben as a battlemage
  6014 | D:7      | Reached skill level 5 in Fighting
  6192 | D:7      | Gained mutation: You have a pair of large horns on your
                  | head. [demonic ancestry]
  6192 | D:7      | Reached XP level 9. HP: 61/61 MP: 12/12
  6233 | D:7      | Found a bloodstained altar of Trog.
  6233 | D:7      | Found a basalt altar of Yredelemnul.
  6236 | D:7      | Found a blossoming altar of Fedhas.
  6484 | D:7      | Found a hide-covered altar of Uskayaw.
  6530 | D:8      | Found a broken altar of Ashenzari.
  6653 | D:8      | Reached skill level 5 in Invocations
  6854 | D:8      | Found a transporter.
  6854 | D:8      | Found a transporter.
  6856 | D:8      | Found a transporter.
  6881 | D:8      | Reached skill level 5 in Evocations
  7088 | D:8      | Found a transporter.
  7102 | D:8      | Noticed a centaur warrior
  7107 | D:8      | Killed a centaur warrior
  7108 | D:8      | Reached skill level 6 in Fighting
  7108 | D:8      | Reached skill level 5 in Axes
  7108 | D:8      | Reached skill level 5 in Dodging
  7274 | D:8      | Found an opulent altar of Gozag.
  7275 | D:8      | Found a sparkling altar of Nemelex Xobeh.
  7281 | D:8      | Identified the +11 dagger "Kewnyl" {vamp, Dex+3}
  7349 | D:8      | Reached *** piety under Hepliaklqana
  7579 | D:8      | HP: 3/62 [poisoned by a killer bee]
  7584 | D:8      | HP: 2/62 [poisoned by a killer bee]
  7682 | D:9      | Reached XP level 10. HP: 57/68 MP: 14/14
  7692 | D:8      | Reached skill level 5 in Armour
  7930 | D:9      | Reached skill level 5 in Throwing
  8193 | D:9      | Found a shimmering altar of Xom.
  8380 | D:10     | Entered Level 10 of the Dungeon
  8572 | D:10     | Noticed Josephine
  8581 | D:10     | Reached skill level 7 in Fighting
  8589 | D:10     | Killed Josephine
  8604 | D:10     | Noticed a two-headed ogre
  8683 | D:10     | Killed a two-headed ogre
  8684 | D:10     | Reached XP level 11. HP: 75/75 MP: 15/17
  8769 | D:10     | Noticed Lodul
  9716 | D:10     | Killed Lodul
  9778 | D:10     | Reached skill level 8 in Fighting
  9824 | D:10     | Found a staircase to the Orcish Mines.
  9901 | D:11     | Reached **** piety under Hepliaklqana
  9902 | D:11     | Found a basalt altar of Yredelemnul.
  9936 | D:11     | Found a staircase to the Lair.
  9956 | D:11     | Noticed a two-headed ogre
  9962 | D:11     | Killed a two-headed ogre
 10117 | D:11     | Noticed a two-headed ogre
 10124 | D:11     | Killed a two-headed ogre
 10227 | D:11     | Noticed Amaemon
 10238 | D:11     | Killed Amaemon
 10239 | D:11     | Gained mutation: Spells you cast may paralyse adjacent
                  | enemies. [demonic ancestry]
 10239 | D:11     | Reached XP level 12. HP: 25/84 MP: 18/18
 10728 | D:2      | Bought a ring of poison resistance for 260 gold pieces
 10927 | Lair:1   | Entered Level 1 of the Lair of Beasts
 10983 | Lair:1   | You fall into a shaft and drop 1 floor!
 11026 | Lair:2   | Reached skill level 9 in Fighting
 11144 | Lair:1   | Reached ***** piety under Hepliaklqana
 11416 | Lair:1   | Slain by a cane toad

Illustrated notes

Levels and vault maps discovered:
D:1:      lemuel_arrival_broad_hall, layout_basic, minmay_worlds_worst_comb
D:2:      layout_loops_ring, serial_shops, shop, serial_forest,
          infiniplex_forest_3_way, infiniplex_forest_side_room,
          infiniplex_forest_straight_1, infiniplex_forest_end_3,
          infiniplex_forest_clump_small, infiniplex_forest_clump_tiny,
          infiniplex_forest_end_2, infiniplex_forest_clump_curved,
          infiniplex_forest_corner_2, infiniplex_forest_split,
          minmay_snake_closets, uniq_terence, uniq_natasha
D:3:      layout_loops_ring, kiku_gazebo_garden_becter, minivault_24
D:4:      layout_cave_pools, elyvilon_altar_4, minmay_temple_entry_arrows,
          grunt_ministairs_15, minmay_misc_feat_columns, uniq_edmund,
          uniq_grinder
D:5:      layout_loops_corners, hangedman_ru_absence
D:6:      layout_rooms, nicolae_elevator_lobby_plus
D:7:      layout_cave_pools, nicolae_uskayaw_suspiria,
          chequers_temple_overflow_statue_of_worship
D:8:      layout_basic, grunt_temple_overflow_opulence,
          nicolae_ashenzari_skybound, st_stairs_3, nicolae_diode_quadrants
D:9:      layout_long_grid, mainiacjoe_overflow_small_starburst
D:10:     layout_long_grid, kennysheep_orc_monster_closet_entryway,
          grunt_ministairs_6, uniq_josephine, uniq_lodul
D:11:     layout_long_grid, erik_lair_island, yredelemnul_altar_generic,
          uniq_amaemon
Temple:   eino_wide_crystal_templ
Lair:1:   layout_regular_city, grunt_megastairs_4, uniq_gastronok
Lair:2:   layout_cave_pods

Skill      XL: |  1  2  3  4  5  6  7  8  9 10 11 12 |
---------------+-------------------------------------+-----
Axes           | 2 3 4 5 |  5.1
Dodging        | 2 3 4 5 6 7 8 |  8.2
Evocations     | 1 2 3 4 5 6 8 |  8.7
Armour         | 1 2 3 4 6 7 |  7.9
Throwing       | 1 2 3 4 5 7 |  7.7
Stealth        | 5 |  5.0
Fighting       | 4 5 6 7 8 9 |  9.3
Invocations    | 2 4 6 8 |  8.0

Action                   |  1- 3 |  4- 6 |  7- 9 | 10-12 || total
-------------------------+-------+-------+-------+-------++-------
Melee: Hand axe          |    15 |       |       |       ||    15
       Flail             |    58 |   102 |    33 |       ||   193
       Headbutt          |     8 |    54 |     8 |    48 ||   118
       Punch             |     1 |       |     1 |     1 ||     3
       Halberd           |       |    94 |       |       ||    94
       Dagger            |       |       |       |   189 ||   189
 Fire: Longbow           |       |       |   167 |   143 ||   310
Throw: Boomerang         |       |     3 |       |     3 ||     6
       Dart              |       |    10 |       |     4 ||    14
Invok: Ancestor Life: Ba |       |       |     1 |       ||     1
       Recall Ancestor   |       |       |       |     2 ||     2
Evoke: Wand              |       |       |     2 |     7 ||     9
  Use: Potion            |     1 |     1 |       |     1 ||     3
       Scroll            |       |     1 |     1 |     3 ||     5
 Stab: Sleeping          |     5 |    21 |     5 |     5 ||    36
       Distracted        |       |     2 |       |     7 ||     9
Armor: Leather armour    |    23 |     7 |       |       ||    30
       Scale mail        |       |    50 |    32 |       ||    82
       Steam dragon scal |       |       |    23 |    24 ||    47
       Troll leather arm |       |       |       |    45 ||    45
Dodge: Dodged            |    50 |    76 |   111 |   282 ||   519
Block: Buckler           |       |       |       |    39 ||    39

Table legend: (Time is in decaauts)
 A = Elapsed time spent in this place.
 B = Non-inter-level travel time spent in this place.
 C = Inter-level travel time spent in this place.
 D = Time resting spent in this place.
 E = Time spent auto-exploring this place.
 F = Levels seen in this place.
 G = Mean time per level.
                   A        B        C        D        E       F      G
               +--------+--------+--------+--------+--------+-----+--------+
         Total |  11799 |  10550 |   1249 |    175 |   7871 |  14 |  842.8 |
       Dungeon |  11252 |  10018 |   1234 |    175 |   7497 |  11 | 1022.9 |
        Temple |     55 |     40 |     15 |      0 |     27 |   1 |   55.0 |
          Lair |    490 |    490 |      0 |      0 |    347 |   2 |  245.0 |
               +--------+--------+--------+--------+--------+-----+--------+

Top non-repeatable levels by time:
     D:2: 2341 daAuts
    D:10: 1568 daAuts
     D:8: 1242 daAuts
     D:5: 999 daAuts
     D:1: 902 daAuts
     D:9: 828 daAuts
     D:3: 769 daAuts
    D:11: 689 daAuts
     D:7: 655 daAuts
     D:6: 640 daAuts
     D:4: 613 daAuts
  Lair:1: 404 daAuts
  Lair:2: 86 daAuts
  Temple: 55 daAuts
